 Dungeon Crawl Stone Soup version 0.31.0-12-g77e489cdc1 (webtiles) character file.

Game seed: 15344573810599644136

250 lordive the Ruffian (level 6, -2/39 HPs)
             Began as an Octopode Shapeshifter on Feb 29, 2024.
             Incinerated by a bombardier beetle (3 damage)
             ... with a burning spray
             ... on level 3 of the Dungeon.
             The game lasted 00:02:16 (1554 turns).

lordive the Ruffian (Octopode Shapeshifter)         Turns: 1554, Time: 00:02:17

Health: -2/39      AC:  1    Str: 13    XL:     6   Next: 13%
Magic:  6/6        EV: 13    Int: 14    God:
Gold:   122        SH:  0    Dex: 12    Spells: 5/5 levels left

rFire   . .          .
                       - Unarmed
rCold   . . .        (no shield)
rNeg    . . .        g - melded +2 hat
rPois   .            (no amulet)
rElec   .            f - ring of willpower
rCorr   .            i - ring of willpower
SInv    .            (no ring)
Will    ++...        (no ring)
Stlth   +            (no ring)
HPRegen 0.26/turn    (no ring)
MPRegen 0.10/turn    (no ring)
                     (no ring)

%: no passive effects
@: on fire, beast-form, glowing
A: beast (slay +2), almost no armour, amphibious, 8 rings, camouflage 1,
gelatinous body 1, (nimble swimmer 1), tentacles
a: Begin Untransformation


You were on level 3 of the Dungeon.
You were a hulking beast.
You visited 1 branch of the dungeon, and saw 3 of its levels.

You collected 122 gold pieces.

Inventory:

Armour
 g - a +2 hat (melded)
Jewellery
 f - a ring of willpower (left tentacle)
 i - a ring of willpower (right tentacle)
Talismans
 b - a beast talisman (active)
 c - a flux talisman
Scrolls
 d - a scroll of torment {unknown}
 h - a scroll of amnesia {unknown}
 k - a scroll of enchant armour {unknown}
 m - a scroll of teleportation {unknown}
 n - a scroll of fog {unknown}
 o - a scroll of identify {unknown}
Potions
 a - a potion of lignification
 e - a potion of attraction {unknown}
 j - 2 potions of curing {unknown}
 l - a potion of degeneration {unknown}


   Skills:
 + Level 1.7 Fighting
 + Level 2.4 Dodging
 + Level 5.0 Unarmed Combat
 * Level 4.5 Shapeshifting


You had 5 spell levels left.
You didn't know any spells.
Your spell library contained the following spells:

 Spells                   Type           Power      Damage    Failure   Level
 Tukima's Dance           Hex            0%         N/A       65%         3
 Passage of Golubria      Tloc           0%         N/A       96%         4
 Yara's Violent Unravell  Hex/Alch       0%         3d3       100%        5


Dungeon Overview and Level Annotations

Branches:
Dungeon (3/15)

Altars:


Innate Abilities, Weirdness & Mutations

You are a hulking beast.
Your limbs bulge with bestial killing power. (Slay +2)
You cannot wear most types of armour.
You are amphibious.
You can wear up to eight rings at the same time.
Your skin changes colour to match your surroundings (Stealth+).
Your rubbery body absorbs attacks. (AC +1, EV +1)
((You are camouflaged when in or above water. (Stealth+)))
You have tentacles for arms and can constrict up to eight enemies at once.


Message History

You shake off some of the fire as you move.
The liquid fire burns you!
You barely miss the bombardier beetle. You grab the bombardier beetle.
The liquid fire burns you!
You constrict the bombardier beetle, but do no damage.
The bombardier beetle bites you.
You are too injured to fight recklessly!
You are too injured to fight recklessly!
You are too injured to fight recklessly!
You are too injured to fight recklessly!
You are too injured to fight recklessly!
You are too injured to fight recklessly!
You are too injured to fight recklessly!
You are too injured to fight recklessly!
You are too injured to fight recklessly!
You are too injured to fight recklessly!
You are too injured to fight recklessly!
You are too injured to fight recklessly!
You are too injured to fight recklessly!
You are too injured to fight recklessly!
You tentacle-slap the bombardier beetle.
The bombardier beetle is lightly wounded.
The liquid fire burns you!
You constrict the bombardier beetle, but do no damage.
You tentacle-slap the bombardier beetle.
The bombardier beetle is moderately wounded.
The liquid fire burns you!
* * * LOW HITPOINT WARNING * * *
You constrict the bombardier beetle. The bombardier beetle bites you.
* * * LOW HITPOINT WARNING * * *
You tentacle-slap the bombardier beetle but do no damage.
The bombardier beetle is heavily wounded.
The liquid fire burns you!
* * * LOW HITPOINT WARNING * * *
You constrict the bombardier beetle.
You tentacle-slap the bombardier beetle but do no damage.
You squeeze the bombardier beetle!
You kill the bombardier beetle!
The liquid fire burns you!
You die...

#.......
#######.######
..............
###
#######.######
#.< ##...## #.#
##.#.#.### #.#
#.##.....#
#.#.#.###.#.#.#.#
#h#.#.# ##.<.##.#
#.#.#.# ##.## #
#.#.#.# #..#
#.#.#.# #..###..#
#.#.#.# #.......#
#.#.#.# #.####..#
#.#.#.####.# .
#........#.#####
####...........#


There were no monsters in sight!

Vanquished Creatures
  Sigmund (D:2)
  A bombardier beetle (D:3)
  A gnoll (D:1)
  3 adders (D:2)
  2 dart slugs
  A ribbon worm (D:2)
  5 bats (D:1)
  10 endoplasms
  3 giant cockroaches (D:1)
  3 goblins
  7 hobgoblins
  6 jackals (D:1)
  2 quokkas (D:1)
  A ball python (D:1)
  2 frilled lizards (D:1)
  6 kobolds
  5 rats
59 creatures vanquished.

Notes
Turn   | Place    | Note
-------+----------+-------------------------------------------
     0 | D:1      | lordive the Octopode Shapeshifter began the quest for the
                  | Orb.
     0 | D:1      | Reached XP level 1. HP: 13/13 MP: 1/1
    54 | D:1      | Reached XP level 2. HP: 18/18 MP: 2/2
   178 | D:1      | Reached XP level 3. HP: 22/23 MP: 3/3
   484 | D:1      | Found a faded altar of an unknown god.
   595 | D:1      | Reached XP level 4. HP: 28/28 MP: 4/4
   930 | D:2      | Noticed Sigmund
   938 | D:2      | Killed Sigmund
   939 | D:2      | Reached skill level 4 in Unarmed Combat
   939 | D:2      | Reached XP level 5. HP: 33/33 MP: 5/5
  1095 | D:2      | Reached XP level 6. HP: 36/38 MP: 6/6
  1126 | D:2      | Reached skill level 5 in Unarmed Combat
  1553 | D:3      | HP: 1/39 [burnt (4)]
  1554 | D:3      | Incinerated by a bombardier beetle

Illustrated notes

Levels and vault maps discovered:
D:1:      minmay_arrival_shoal_huts, layout_rooms, serial_bayou,
          serial_bayou_pond_b, serial_bayou_lagoon_a, serial_bayou_ford_a,
          serial_bayou_pond_b, serial_bayou_shore_b,
          shapermc_ecumenical_altar_gd
D:2:      layout_rooms, uniq_sigmund
D:3:      layout_loops_ring, gammafunk_ghost_gnarly_gnolls

Skill      XL: |  1  2  3  4  5  6 |
---------------+-------------------+-----
Unarmed Combat | 4 5 |  5.0
Shapeshifting  | 4 |  4.5
Fighting       | |  1.7
Dodging        | |  2.4

Action                     |  1- 3 |  4- 6 || total
---------------------------+-------+-------++-------
  Melee: Unarmed           |    74 |    48 ||   122
         Constrict         |    18 |    12 ||    30
         Tentacles         |    17 |    11 ||    28
         Punch             |     1 |       ||     1
Ability: Begin Untransform |     1 |       ||     1
   Stab: Sleeping          |     1 |       ||     1
 Armour: Skin              |    36 |    13 ||    49
  Dodge: Dodged            |    20 |    21 ||    41
   Form: Beast             |     1 |       ||     1
